 Dungeon Crawl Stone Soup version 0.26-a0-665-gefeb406119 (webtiles) character file.

Game seed: 3887473648662841032

676 Hypoxia the Cleaver (level 7, 50/61 HPs)
             Began as a Deep Dwarf Fighter on Oct 14, 2020.
             Quit the game on level 5 of the Dungeon.
             The game lasted 00:10:51 (679 turns).

Hypoxia the Cleaver (Deep Dwarf Fighter)             Turns: 679, Time: 00:10:52

Health: 50/61      AC: 10    Str: 19    XL:     7   Next: 33%
Magic:  6/6        EV:  7    Int:  9    God:
Gold:   31         SH:  9    Dex: 14    Spells: 6/6 levels left

rFire    . . .     SeeInvis .   k - -2 war axe (venom)
rCold    . . .     Faith    .   c - +0 kite shield
rNeg     . . .     Spirit   .   b - +0 scale mail
rPois    .         Reflect  .   g - +2 helmet
rElec    .         Harm     .   (no cloak)
rCorr    .         Rampage  .   (no gloves)
MR       +....                  (no boots)
Stlth    ..........             (no amulet)
HPRegen  0.00/turn              (no ring)
MPRegen  0.10/turn              (no ring)

@: marked, non-regenerating
A: damage resistance, heal wounds, sense surroundings 1, no regeneration
a: Heal Wounds


You were on level 5 of the Dungeon.
You visited 1 branch of the dungeon, and saw 5 of its levels.

You collected 86 gold pieces.
You spent 55 gold pieces at shops.

Inventory:

Hand Weapons
 a - a +0 war axe
 k - a -2 war axe of venom (weapon)
Armour
 b - a +0 scale mail (worn)
 c - a +0 kite shield (worn)
 g - a +2 helmet (worn)
Scrolls
 h - a scroll of amnesia
 i - 4 scrolls of random uselessness
 j - 2 scrolls of identify {@r1}
 T - 2 scrolls of teleportation {@r3}
Potions
 d - a potion of might {@q4}
 e - 2 potions of mutation {unknown}
 f - 2 potions of curing {unknown}
 l - a potion of heal wounds {unknown}


   Skills:
 - Level 2.6 Fighting
 + Level 9.1 Axes
 - Level 3.2 Armour
 - Level 3.2 Shields


You had 6 spell levels left.
You didn't know any spells.
Your spell library was empty.

Dungeon Overview and Level Annotations

Branches:
Dungeon (5/15)
 Temple: D:4-7

Altars:

Shops:
D:5 ?}


Innate Abilities, Weirdness & Mutations

You are resistant to damage.
You can heal yourself by infusing magical energy.
You passively map a small area around you.
You do not regenerate.


Message History

The ice beast closely misses you.
Your shield and scale mail prevent you from hitting the ice beast.
The ice beast is severely wounded.
You block the ice beast's attack.
You barely miss the ice beast.
The ice beast is severely wounded.
You block the ice beast's attack.
You are a level 7 Deep Dwarf Fighter.
You are 15% of the way to level 8.
Play time: 00:10:33 (649 turns)
You hit the ice beast.
The ice beast is almost dead.
The ice beast barely misses you.
You slash the ice beast!
You kill the ice beast!
Your Axes skill increases to level 9!
You set off the alarm!
A sentinel's mark forms upon you.
Press: ? - help, v - describe, . - travel An iron grate.
Are you sure you want to abandon this character and quit the game? (Confirm with "yes".)

...#.∩..#
##....#.#...Y...#....
...#....#
#.....#.##..##.##....
†..#....###
#.....#)...........,,
..........# #..#..#####..#.###
, ...#....#.# #..#..#
#........# ...#....#####..####
#.#...##.#
........##........#...........
........##.########....##..###
........##...##.@.#..... .....
...####.####.##.###..... !>.##
...# #..#...##...#.........# *
##########.######.#...... * ,
# #....#........#....... #
#....####..#### , #
#.......#..# , * ,
#.......#..#,,, #..........#


There were no monsters in sight!

Vanquished Creatures
  An ice beast
  7 scorpions
  A hound
  A bullfrog skeleton
  An orc wizard
  3 worker ants
  6 adders
  2 leopard geckos
  3 orcs
  6 bats
  4 giant cockroaches
  2 goblins
  3 hobgoblins
  2 quokkas
  2 rats
44 creatures vanquished.

Vanquished Creatures (others)
  5 fungi
5 creatures vanquished.

Grand Total: 49 creatures vanquished

Notes
Turn   | Place    | Note
-------+----------+-------------------------------------------
     0 | D:1      | Hypoxia the Deep Dwarf Fighter began the quest for the Orb.
     0 | D:1      | Reached XP level 1. HP: 20/20 MP: 1/1
   100 | D:2      | Reached skill level 3 in Axes
   100 | D:2      | Reached XP level 2. HP: 27/27 MP: 2/2
   264 | D:4      | Reached XP level 3. HP: 24/33 MP: 3/3
   265 | D:4      | Reached skill level 4 in Axes
   294 | D:4      | Reached skill level 5 in Axes
   294 | D:4      | Reached XP level 4. HP: 22/40 MP: 4/4
   340 | D:5      | Entered Level 5 of the Dungeon
   355 | D:5      | Found Eraihuer's Magic Scroll Emporium.
   368 | D:5      | Bought a scroll of teleportation for 33 gold pieces
   368 | D:5      | Bought a scroll of identify for 22 gold pieces
   381 | D:5      | Found Gyniutaku's Gadget Shop.
   460 | D:5      | HP: 4/40 [scorpion (7)]
   471 | D:5      | Reached skill level 6 in Axes
   471 | D:5      | Reached XP level 5. HP: 26/46 MP: 5/5
   480 | D:5      | Reached skill level 7 in Axes
   480 | D:5      | Reached XP level 6. HP: 29/55 MP: 6/6
   531 | D:5      | Reached skill level 8 in Axes
   597 | D:5      | Reached XP level 7. HP: 31/61 MP: 6/6
   650 | D:5      | Reached skill level 9 in Axes
   679 | D:5      | Quit the game

Illustrated notes

Levels and vault maps discovered:
D:1:      ebering_trefoil_3fold, layout_basic,
          hangedman_abyss_or_decor_lesser_grid, minmay_fountain_box,
          doesnt_xom_only_xom
D:2:      cheibrodos_old_hovel, layout_basic, uniq_sigmund
D:3:      layout_basic, uniq_crazy_yiuf_cottage
D:4:      layout_rooms, grunt_qazlal_sundering
D:5:      old_forge, layout_basic, minitemple, serial_glass, glass_columns_b,
          glass_columns_a, item_on_display_a, minmay_strange_pillars,
          minmay_strange_pillars, item_on_display_b, serial_shops, shop,
          shop_scrolls, bh_walls_and_bars

Skill      XL: |  1  2  3  4  5  6  7 |
---------------+----------------------+-----
Axes           | 3 5 6 7 8 9 |  9.1
Fighting       | |  2.6
Armour         | |  3.2
Shields        | |  3.2

Action                   |  1- 3 |  4- 6 |  7- 9 || total
-------------------------+-------+-------+-------++-------
Melee: War axe           |    44 |    69 |    21 ||   134
 Abil: Heal Wounds       |       |     2 |     1 ||     3
  Use: Scroll            |     5 |     3 |       ||     8
Armor: Scale mail        |    28 |    42 |     7 ||    77
Dodge: Dodged            |    31 |    17 |     7 ||    55
Block: Kite shield       |    42 |    57 |    12 ||   111

Table legend: (Time is in decaauts)
 A = Elapsed time spent in this place.
 B = Non-inter-level travel time spent in this place.
 C = Inter-level travel time spent in this place.
 D = Time resting spent in this place.
 E = Time spent auto-exploring this place.
 F = Levels seen in this place.
 G = Mean time per level.
                   A        B        C        D        E       F      G
               +--------+--------+--------+--------+--------+-----+--------+
         Total |    720 |    720 |      0 |      0 |      0 |   5 |  144.0 |
       Dungeon |    720 |    720 |      0 |      0 |      0 |   5 |  144.0 |
               +--------+--------+--------+--------+--------+-----+--------+

Top non-repeatable levels by time:
     D:5: 355 daAuts
     D:1: 155 daAuts
     D:4: 113 daAuts
     D:2: 53 daAuts
     D:3: 43 daAuts
